 Dungeon Crawl Stone Soup version 0.26.1-11-gd32895ea62 (webtiles) character file.

Game seed: 13310242872609988240

183 Exodus22XD the Chopper (level 5, 0/70 HPs)
             Began as a Hill Orc Monk on May 1, 2021.
             Succumbed to a worker ant's poison
             ... on level 3 of the Dungeon.
             The game lasted 00:03:45 (3307 turns).

Exodus22XD the Chopper (Hill Orc Monk)              Turns: 3307, Time: 00:03:45

Health: 0/70       AC: 22    Str: 15    XL:     5   Next: 62%
Magic:  5/5        EV:  2    Int: 10    God:
Gold:   184        SH:  0    Dex: 13    Spells: 4/4 levels left

rFire    . . .     SeeInvis .   a - +0 hand axe
rCold    . . .     Faith    +   (no shield)
rNeg     + + +     Spirit   .   (armour currently unavailable)
rPois    +         Reflect  .   (helmet currently unavailable)
rElec    .         Harm     .   (cloak currently unavailable)
rCorr    .         Rampage  .   (gloves currently unavailable)
Will     .....     NoTele   +   (boots currently unavailable)
Stlth    ++........             d - amulet of faith
HPRegen  0.21/turn              (no ring)
MPRegen  0.09/turn              (no ring)

@: brilliant, lethally poisoned (0 -> -20), tree-form
A: no striking features
a: no special abilities


You were on level 3 of the Dungeon.
You were a tree.
You visited 1 branch of the dungeon, and saw 4 of its levels.

You collected 184 gold pieces.

Inventory:

Hand Weapons
 a - a +0 hand axe (weapon)
Armour
 b - a +0 robe
 f - a +0 ring mail (melded)
 g - a cursed -2 helmet (melded)
 j - a +1 helmet
 k - a +0 chain mail
Jewellery
 d - an amulet of faith (around neck)
 o - a cursed -4 ring of dexterity {unknown}
 q - a +4 ring of protection {unknown}
Wands
 p - a wand of flame (14)
Scrolls
 e - a scroll of teleportation {unknown}
 h - a scroll of enchant armour {unknown}
 m - 4 scrolls of identify {unknown}
 n - a scroll of fog {unknown}
Potions
 s - a potion of cancellation {unknown}


   Skills:
 + Level 4.6 Fighting
 + Level 6.1 Axes
 * Level 3.1 Armour
 - Level 2.4 Dodging
 - Level 1.5 Stealth


You had 4 spell levels left.
You didn't know any spells.
Your spell library contained the following spells:

 Spells                   Type           Power        Failure   Level
 Animate Skeleton         Necr           0%           36%         1
 Apportation              Tloc           0%           36%         1
 Corona                   Hex            0%           36%         1
 Summon Small Mammal      Summ           0%           36%         1


Dungeon Overview and Level Annotations

Branches:
Dungeon (4/15)
 Temple: D:4-7

Altars:
Yredelemnul
Zin


Message History

The worker ant is almost dead.
* * * LOW HITPOINT WARNING * * *
You feel sick. The worker ant bites you.
* * * LOW HITPOINT WARNING * * *
You closely miss the worker ant.
The worker ant is almost dead.
* * * LOW HITPOINT WARNING * * *
You feel sick. The worker ant barely misses you. The worker ant bites you.
* * * LOW HITPOINT WARNING * * *
You hit the worker ant but do no damage.
The worker ant is almost dead.
* * * LOW HITPOINT WARNING * * *
You feel sick. The worker ant bites you.
* * * LOW HITPOINT WARNING * * *
You are more poisoned.
The worker ant poisons you!
It was a potion of lignification.
You turn into a tree.
Your cursed -2 helmet melds into your body.
Your +0 ring mail melds into your body.
Your roots penetrate the ground.
You die...

#......# #....(.#
###......##
######....<....#
#####..............#
....#...♣........#.#
....#..♣.♣)..#...#.#
....#.♣._.♣..#.###†###
....'..♣.♣.)....♣B>..#
....#...♣....#+####..#
..###..(....)........#
..#
#######.....##...##
..#
#.................#
..#
#........#######..#
### #........# #..#
#........# #..##
#........# #...#


You could see a worker ant.

Vanquished Creatures
  Robin (D:2)
  3 gnolls
  7 adders
  An ooze (D:1)
  10 orcs (D:3)
  4 bats
  4 giant cockroaches
  12 goblins
  5 hobgoblins
  2 jackals (D:1)
  2 quokkas (D:2)
  2 ball pythons (D:2)
  8 frilled lizards
  3 kobolds
  6 rats
70 creatures vanquished.

Vanquished Creatures (others)
  4 withered plants (D:2)
4 creatures vanquished.

Grand Total: 74 creatures vanquished

Notes
Turn   | Place    | Note
-------+----------+-------------------------------------------
     0 | D:1      | Exodus22XD the Hill Orc Monk began the quest for the Orb.
     0 | D:1      | Reached XP level 1. HP: 19/19 MP: 1/1
    71 | D:1      | Reached XP level 2. HP: 26/27 MP: 2/2
   205 | D:1      | Reached skill level 1 in Armour
   513 | D:2      | Found a basalt altar of Yredelemnul.
   535 | D:2      | Reached XP level 3. HP: 13/33 MP: 3/3
   730 | D:2      | Reached skill level 5 in Axes
  1147 | D:2      | Reached XP level 4. HP: 40/40 MP: 4/4
  1161 | D:2      | Noticed Robin
  1192 | D:2      | Killed Robin
  1477 | D:2      | Found a glowing silver altar of Zin.
  2038 | D:3      | Found a faded altar of an unknown god.
  2157 | D:3      | Reached XP level 5. HP: 47/47 MP: 5/5
  2540 | D:2      | Reached skill level 6 in Axes
  3306 | D:3      | HP: 1/47 [worker ant (6)]
  3307 | D:3      | Succumbed to a worker ant's poison

Illustrated notes

Levels and vault maps discovered:
D:1:      minmay_arrival_up_and_down, layout_basic, patterned_corridor
D:2:      layout_loops_ring, yredelemnul_altar_generic, zin_treasury,
          kennysheep_cross_bottleneck, uniq_robin
D:3:      layout_basic, chequers_ecumenical_altar_simple_redux
D:4:      layout_loops_ring, minmay_manual_mullet, uniq_eustachio, uniq_duvessa

Skill      XL: |  1  2  3  4  5 |
---------------+----------------+-----
Armour         | 1 2 3 |  3.1
Fighting       | 4 |  4.6
Axes           | 5 6 |  6.1
Dodging        | |  2.4
Stealth        | |  1.5

Action                   |  1- 3 |  4- 6 || total
-------------------------+-------+-------++-------
Melee: Hand axe          |   104 |   161 ||   265
  Use: Potion            |       |     4 ||     4
 Stab: Sleeping          |     1 |     1 ||     2
Armor: Robe              |    10 |       ||    10
       Ring mail         |    31 |    41 ||    72
Dodge: Dodged            |    63 |    90 ||   153
